 Dungeon Crawl Stone Soup version 0.27.0-1-g7a089689b8 (webtiles) character file.

Game seed: 17601912658123346083

30 Demosthentine the Poker (level 3, -4/28 HPs)
             Began as a Merfolk Gladiator on Aug 2, 2021.
             Splashed by a jelly's acid (9 damage)
             ... on level 1 of the Dungeon.
             The game lasted 00:01:23 (686 turns).

Demosthentine the Poker (Merfolk Gladiator)          Turns: 686, Time: 00:01:24

Health: -4/28      AC: -3    Str: 15    XL:     3   Next: 20%
Magic:  3/3        EV: 13    Int:  7    God:
Gold:   26         SH:  0    Dex: 15    Spells: 2/2 levels left

rFire    . . .     SeeInvis .   a - +0 trident
rCold    . . .     Faith    .   (no shield)
rNeg     . . .     Spirit   .   b - +0 leather armour
rPois    .         Reflect  .   c - +0 helmet
rElec    .         Harm     .   (no cloak)
rCorr    .         Rampage  .   (no gloves)
Will     .....                  (no boots)
Stlth    +.........             (no amulet)
HPRegen  0.09/turn              (no ring)
MPRegen  0.08/turn              (no ring)

@: mighty, corroded
A: (nimble swimmer 2), mertail
a: no special abilities


You were on level 1 of the Dungeon.
You visited 1 branch of the dungeon, and saw 1 of its levels.

You collected 26 gold pieces.

Inventory:

Hand Weapons
 a - a +0 trident (weapon)
Missiles
 d - 3 throwing nets (quivered)
Armour
 b - a +0 leather armour (worn)
 c - a +0 helmet (worn)
Scrolls
 f - a scroll of blinking {unknown}
 g - a scroll of magic mapping {unknown}
 i - a scroll of teleportation {unknown}
Potions
 h - a potion of haste {unknown}


   Skills:
 + Level 2.7 Fighting
 + Level 4.9 Polearms
 - Level 2.0 Throwing
 + Level 0.8 Armour
 + Level 4.4 Dodging


You had 2 spell levels left.
You didn't know any spells.
Your spell library was empty.

Dungeon Overview and Level Annotations

Branches:
Dungeon (1/15)

Altars:


Innate Abilities, Weirdness & Mutations

((You are quick and stealthy near water. (Stealth+, EV+, Speed+++)))
Your lower body shifts to a powerful aquatic tail in water.


Message History

The jackal barely misses you. The jackal closely misses you.
You hit the jackal.
The jackal is severely wounded.
The jackal bites you but does no damage.
The jackal closely misses you. The jackal misses you.
You barely miss the jackal.
The jackal is severely wounded.
The jackal bites you but does no damage. x2
You puncture the jackal!
You kill the jackal!
The jackal misses you.
You hit the jelly but do no damage.
Your hands burn!
The jackal barely misses you. The jelly hits you. The acid corrodes you!
You are splashed with acid!
The jackal bites you.
You are too injured to fight recklessly!
You are too injured to fight recklessly!
You are too injured to fight recklessly!
You are too injured to fight recklessly!
You are too injured to fight recklessly!
You are too injured to fight recklessly!
You are too injured to fight recklessly!
You are too injured to fight recklessly!
You are too injured to fight recklessly!
You are too injured to fight recklessly!
You are too injured to fight recklessly!
You are too injured to fight recklessly!
You are too injured to fight recklessly!
You are too injured to fight recklessly!
Unknown command.
You hit the jelly.
Your hands burn!
The jelly is moderately wounded.
The jackal bites you.
* * * LOW HITPOINT WARNING * * *
The jelly closely misses you.
It was a potion of might.
You feel very mighty all of a sudden. The jackal closely misses you.
The jelly hits you.
* * * LOW HITPOINT WARNING * * *
The acid corrodes you!
You are splashed with acid!
You die...

###########.....)#######.........
#................................
#.#########......###.###.........
.................# #.# #.........
.................###.######...#..
.>...............'........#...#..
......)..........###..........+..
#######..###.J############....#..
#.......BrJ@hJ....# #....#..
######.###'#######h###.###)####..
.......#..⌠...>...⌠..#...........
#####..#......<......#...#..###.#
#..+⌠...J###....⌠'.#.........
#..#.....r.......#...##..##..
#..#######J#######...###.##..
#..# ..r.hJ.Jr.. #.#.# #..#..
#..#...B.BBhhh...#.#.####.#..


You could see a jelly, 2 endoplasms, 2 jackals, a giant cockroach and a rat.

Vanquished Creatures
  2 dart slugs (D:1)
  5 ball pythons (D:1)
  2 bats (D:1)
  An endoplasm (D:1)
  A giant cockroach (D:1)
  2 goblins (D:1)
  A hobgoblin (D:1)
  A jackal (D:1)
  2 kobolds (D:1)
  2 quokkas (D:1)
  3 frilled lizards (D:1)
  2 rats (D:1)
24 creatures vanquished.

Notes
Turn   | Place    | Note
-------+----------+-------------------------------------------
     0 | D:1      | Demosthentine the Merfolk Gladiator began the quest for the
                  | Orb.
     0 | D:1      | Reached XP level 1. HP: 16/16 MP: 1/1
     1 | D:1      | Found a runed translucent door.
    93 | D:1      | Reached XP level 2. HP: 22/23 MP: 2/2
   471 | D:1      | Reached XP level 3. HP: 24/28 MP: 3/3
   686 | D:1      | Splashed by a jelly's acid

Illustrated notes

Levels and vault maps discovered:
D:1:      dpeg_arrival_caged_fury, layout_basic, st_stairs_9

Action                   || total
-------------------------++-------
Melee: Trident           ||    98
  Use: Potion            ||     1
 Stab: Sleeping          ||     1
Armor: Leather armour    ||    23
Dodge: Dodged            ||    73
